 Dungeon Crawl Stone Soup version 0.28.0-45-g0d030f2227 (webtiles) character file.

Game seed: 17743714787401583301

448083 Icepheonix32 the Stickfighter (level 22, -28/162 HPs)
             Began as a Demonspawn Fighter on Apr 7, 2022.
             Was the Champion of Hepliaklqana.
             Annihilated by an Ice Fiend (76 damage)
             ... summoned by a deep elf demonologist
             ... on level 3 of the Elven Halls.
             The game lasted 04:22:43 (67912 turns).

Icepheonix32 the Stickfighter (Demonspawn Fighter) Turns: 67912, Time: 04:22:44

Health: -28/162    AC: 25    Str: 32    XL:     22   Next: 84%
Magic:  9/9        EV: 25    Int: 10    God:    Hepliaklqana [******]
Gold:   3595       SH:  0    Dex: 12    Spells: 13/29 levels left

rFire   + + .      SeeInvis +   i - +9 quarterstaff (antimagic)
rCold   x . .      Faith    .   (shield currently unavailable)
rNeg    . . .      Spirit   .   g - +2 fire dragon scales
rPois   .          Reflect  .   (helmet unavailable)
rElec   .          Harm     .   P - +0 cloak
rCorr   +          Rampage  .   f - +4 pair of gloves of Subjectivity {rC+ Will+ Str+8 Int-4}
Will    +++++                   R - +0 pair of boots
Stlth   ++++......              W - amulet of the acrobat
HPRegen 0.37/turn               Z - ring of Midwinter {rC- Will+++ rCorr Dex-4 Slay+4}
MPRegen 0.11/turn               m - ring "Oguestro" {EV+4 Dex+4 Stlth+}

@: about to teleport, studying 2 skills, repel missiles
A: reduced essence, antennae 3, repulsion field 3, demonic guardian 3, powered
by pain 3, augmentation 2, clever 1, clumsy 1, sturdy frame 1
}: 3/15 runes: decaying, serpentine, silver
a: Renounce Religion, Recall Ancestor, Ancestor Identity, Transference, Idealise


You were on level 3 of the Elven Halls.
You worshipped Hepliaklqana.
Hepliaklqana was exalted by your worship.
You visited 9 branches of the dungeon, and saw 44 of its levels.
You visited the Abyss 1 time.
You also visited: Trove, Ossuary and Desolation.

You collected 7196 gold pieces.
You spent 3601 gold pieces at shops.

Inventory:

Hand Weapons
 c - the +9 staff of Olgreb {rPois∞}
   (You found it on level 9 of the Dungeon)

   If the wielder is skilled in Evocations, they can envenom those struck by it,
   dealing poison damage which bypasses armour.
   It enhances your poison magic.
   It grants immunity to poison.
   It can be activated via the 'a'bility menu to radiate toxic energy, with
   effectiveness depending on Evocations skill.
 i - a +9 antimagic quarterstaff (weapon)
 l - the +10 quarterstaff "Sulaeth" {vorpal, rElec rPois Str-4 Stlth-}
   (You found it on level 2 of the Snake Pit)

   It inflicts extra damage upon your enemies.
   Str:       It affects your strength (-4).
   rElec:     It insulates you from electricity.
   rPois:     It protects you from poison.
   Stlth:     It makes you less stealthy.
 u - the +7 staff of the Meek {protect, meekguard}
   (You found it on level 3 of the Dungeon)

   It grants its wielder temporary protection when it strikes (+7 to AC).
   It provides extra protection to wielders with little health.
Missiles
 v - 12 curare-tipped darts
 L - 6 silver boomerangs
 M - 2 throwing nets
 S - 6 boomerangs (quivered)
 T - 7 atropa-tipped darts
 U - 2 javelins
Armour
 b - a +3 plate armour of cold resistance
 f - the +4 pair of gloves of Subjectivity (worn) {rC+ Will+ Str+8 Int-4}
   (You acquired it on level 9 of the Dungeon)

   Str:       It affects your strength (+8).
   Int:       It affects your intelligence (-4).
   rC:        It protects you from cold.
   Will:      It increases your willpower.
 g - +2 fire dragon scales (worn)
 o - +0 gold dragon scales
 P - a +0 cloak (worn)
 R - a +0 pair of boots (worn)
 Y - a +2 kite shield of reflection
Jewellery
 m - the ring "Oguestro" (right hand) {EV+4 Dex+4 Stlth+}
   (You acquired it on level 9 of the Dungeon)

   [ring of evasion]

   EV:        It affects your evasion (+4).
   Dex:       It affects your dexterity (+4).
   Stlth:     It makes you more stealthy.
 p - a ring of positive energy
 r - a +4 ring of protection
 W - an amulet of the acrobat (around neck)
 Z - the ring of Midwinter (left hand) {rC- Will+++ rCorr Dex-4 Slay+4}
   (You bought it in a shop on level 2 of the Orcish Mines)

   [ring of slaying]

   Dex:       It affects your dexterity (-4).
   Slay:      It affects your accuracy & damage with ranged weapons and melee
   (+4).
   rC:        It makes you vulnerable to cold.
   rCorr:     It protects you from acid and corrosion.
   Will:      It greatly increases your willpower.
Wands
 e - a wand of charming (9)
 C - a wand of digging (30)
 D - a wand of mindburst (37)
 H - a wand of acid (7)
 J - a wand of paralysis (20)
 Q - a wand of polymorph (32)
 V - a wand of iceblast (31)
Scrolls
 a - 3 scrolls of torment
 j - 8 scrolls of magic mapping
 q - a scroll of blinking
 s - 2 scrolls of summoning
 t - 5 scrolls of silence
 w - 9 scrolls of teleportation
 y - 7 scrolls of enchant armour
 A - 10 scrolls of fear
 G - 2 scrolls of holy word
Potions
 d - 3 potions of heal wounds
 h - a potion of might
 k - 5 potions of magic
 n - a potion of berserk rage
 x - 13 potions of haste
 z - 2 potions of resistance
 B - a potion of invisibility
 E - 5 potions of lignification
 F - 6 potions of flight
 O - 11 potions of curing
 X - 4 potions of cancellation
Miscellaneous
 I - a phial of floods
 K - a phantom mirror
 N - a tin of tremorstones (2/2)


   Skills:
 + Level 16.9 Fighting
 - Level 1.9(2.4) Short Blades
 - Level 2.1(2.5) Long Blades
 - Level 0.8(11.2) Maces & Flails
 - Level 17.2 Staves
 - Level 15.4 Throwing
 - Level 16.6 Armour
 - Level 15.4 Dodging
 - Level 10.5 Stealth
 + Level 12.0 Shields
 - Level 4.1 Spellcasting
 - Level 2.0 Summonings
 - Level 1.3 Translocations
 - Level 4.1 Transmutations
 - Level 10.2 Fire Magic
 - Level 6.4 Poison Magic
 - Level 10.5 Invocations
 - Level 11.6 Evocations


You had 13 spell levels left.
You knew the following spells:

 Your Spells              Type           Power      Damage    Failure   Level
a - Summon Cactus Giant   Summ           3%         N/A       100%        6
b - Summon Forest         Summ/Tloc      2%         N/A       99%         5
c - Ignite Poison         Fire/Tmut/Pois 15%        N/A       6%          3
d - Wereblood             Tmut           10%        N/A       10%         2

Your spell library contained the following spells:

 Spells                   Type           Power      Damage    Failure   Level
 Scorch                   Fire           44%        2d7       1%          2
 Sting                    Tmut/Pois      48%        1d5       4%          1
 Spider Form              Tmut/Pois      12%        N/A       12%         3
 Inner Flame              Hex/Fire       12%        N/A       14%         3
 Summon Small Mammal      Summ           24%        N/A       16%         1
 Apportation              Tloc           8%         N/A       22%         1
 Olgreb's Toxic Radiance  Pois           14%        N/A       26%         4
 Blink                    Tloc           8%         N/A       32%         2
 Animate Skeleton         Necr           4%         N/A       36%         1
 Freeze                   Ice            8%         1d3       36%         1
 Magic Dart               Conj           8%         1d3       36%         1
 Pain                     Necr           8%         1d4       36%         1
 Slow                     Hex            8%         N/A       36%         1
 Flame Wave               Conj/Fire      12%        2d6       41%         4
 Sticky Flame             Conj/Fire      12%        2d4       41%         4
 Call Canine Familiar     Summ           6%         N/A       43%         3
 Corpse Rot               Necr/Air       4%         N/A       50%         2
 Ensorcelled Hibernation  Hex/Ice        4%         N/A       50%         2
 Searing Ray              Conj           4%         2d4       50%         2
 Static Discharge         Conj/Air       2%         N/A       50%         2
 Sublimation of Blood     Necr           2%         N/A       50%         2
 Gell's Gravitas          Tloc           4%         N/A       54%         3
 Lesser Beckoning         Tloc           4%         N/A       54%         3
 Teleport Other           Tloc           4%         N/A       54%         3
 Portal Projectile        Hex/Tloc       6%         N/A       63%         3
 Confusing Touch          Hex            2%         N/A       73%         3
 Frozen Ramparts          Ice            4%         1d2       73%         3
 Ozocubu's Armour         Ice            2%         N/A       73%         3
 Tukima's Dance           Hex            2%         N/A       73%         3
 Vampiric Draining        Necr           2%         2d6       73%         3
 Alistair's Intoxication  Tmut/Pois      8%         N/A       75%         5
 Fireball                 Conj/Fire      6%         3d5       77%         5
 Petrify                  Tmut/Erth      6%         N/A       83%         4
 Passage of Golubria      Tloc           4%         N/A       91%         4
 Summon Ice Beast         Ice/Summ       4%         N/A       94%         4
 Summon Lightning Spire   Summ/Air       4%         N/A       94%         4
 Anguish                  Hex/Necr       1%         N/A       98%         4
 Animate Dead             Necr           1%         N/A       98%         4
 Dispel Undead            Necr           2%         3d7       98%         4
 Fulminant Prism          Conj/Hex       1%         3d6       98%         4
 Hailstorm                Conj/Ice       2%         3d3       98%         4
 Leda's Liquefaction      Hex/Erth       1%         N/A       98%         4
 Irradiate                Conj/Tmut      3%         3d14      99%         5
 Manifold Assault         Tloc           4%         N/A       99%         5
 Yara's Violent Unravell  Hex/Tmut       3%         3d4       99%         5
 Agony                    Necr           2%         N/A       100%        5
 Borgnjor's Vile Clutch   Necr/Erth      1%         N/A       100%        5
 Excruciating Wounds      Necr           1%         N/A       100%        5
 Iskenderun's Battlesphe  Conj           2%         2d6       100%        5
 Lee's Rapid Deconstruct  Erth           1%         3d5*      100%        5
 Lightning Bolt           Conj/Air       1%         1d12      100%        5
 Metabolic Englaciation   Hex/Ice        1%         N/A       100%        5
 Summon Mana Viper        Hex/Summ       4%         N/A       100%        5
 Conjure Ball Lightning   Conj/Air       1%         3x3d6     100%        6
 Death Channel            Necr           1%         N/A       100%        6
 Dispersal                Tloc           2%         N/A       100%        6
 Starburst                Conj/Fire      6%         6d4       100%        6
 Statue Form              Tmut/Erth      4%         N/A       100%        6
 Haunt                    Necr/Summ      2%         N/A       100%        7
 Malign Gateway           Summ/Tloc      2%         N/A       100%        7
 Orb of Destruction       Conj           1%         9d5       100%        7
 Ozocubu's Refrigeration  Ice            1%         4d5       100%        7
 Spellforged Servitor     Conj/Summ      2%         N/A       100%        7
 Storm Form               Tmut/Air       3%         N/A       100%        7
 Summon Hydra             Summ           3%         N/A       100%        7
 Ignition                 Fire           11%        3d5       100%        8
 Maxwell's Capacitive Co  Air            1%         ∞         100%        8
 Summon Horrible Things   Summ           3%         N/A       100%        8
 Dragon's Call            Summ           3%         N/A       100%        9
 Polar Vortex             Ice            1%         N/A       100%        9


Dungeon Overview and Level Annotations

Branches:
Dungeon (15/15)            Temple (1/1) D:6            Lair (6/6) D:8
  Swamp (4/4) Lair:3        Snake (4/4) Lair:3        Slime (0/5) Lair:6
    Orc (2/2) D:11            Elf (3/3) Orc:2        Vaults (5/5) D:14
  Crypt (0/3) Vaults:3     Depths (4/4) D:15            Zot (0/5) Depths:4
Ossuary (visited)         Desolation (visited)

Altars:
Ashenzari
Cheibriados
Dithmenos
Elyvilon
Fedhas
Gozag
Hepliaklqana
Kikubaaqudgha
Makhleb
Nemelex Xobeh
Okawaru
Qazlal
Ru
Sif Muna
Trog
Uskayaw
Vehumet
Wu Jian
Xom
Yredelemnul
Zin
The Shining One
Beogh
Jiyva
Lugonu

Shops:
D:9 ?   Orc:1 ?   Orc:2 (==(   Elf:1 :!:**?   Elf:3 [   Snake:1 ==:   Snake:2 (
Vaults:2 ?   Vaults:3 *((   Vaults:4 (   Depths:2 !

Portals:
Hell: Depths:1 Depths:2 Depths:3 Depths:4
Abyss: Depths:3
Pandemonium: Depths:2
Ziggurat: Depths:4

Annotations:
Lair:2 2 transporters, Qoesoec's ghost, journeyman GrFi
Elf:2 3 runed translucent doors, Agnes
Vaults:5 Mennas
Depths:3 exclusion: 2 statues


Innate Abilities, Weirdness & Mutations

Your life essence is reduced to manifest your ancestor. (-10% HP)
You have a pair of large antennae on your head. (SInv)
You are surrounded by a strong repulsion field. (EV +4, RMsl)
A powerful demonic guardian rushes to your aid.
You are powered by pain.
Your magical and physical power is enhanced at high health.
Your mind is acute. (Int +2)
You are clumsy. (Dex -2)
Your movements are slightly less encumbered by armour. (ER -2)


Message History

Your Shields skill increases to level 12!
You hit the Hell Sentinel.
The Hell Sentinel's magic leaks into the air.
The Hell Sentinel is lightly wounded.
Unknown command.
The Hell Sentinel's magic is no longer disrupted.
Rodica barely misses the Hell Sentinel.
The Hell Sentinel completely misses you. x2
The deep elf master archer wields a +0 longbow.
The deep elf master archer shoots an arrow.
The arrow closely misses you.
Rodica hits the Hell Sentinel with a +0 lajatang of freezing!
The deep elf demonologist gestures wildly while chanting.
Items here: ( )) [ †.
You hit the deep elf demonologist.
The deep elf demonologist's magic leaks into the air.
The deep elf demonologist is lightly wounded.
The Hell Sentinel hits you.
The Hell Sentinel hits you but does no damage.
Rodica hits the Hell Sentinel with a +0 lajatang of freezing!
The deep elf master archer shoots an arrow.
The arrow hits you.
You thump the deep elf demonologist!
The deep elf demonologist's magic leaks into the air.
The deep elf demonologist is moderately wounded.
Rodica casts a spell at the Hell Sentinel.
The bolt of magma hits the Hell Sentinel!!
The Hell Sentinel partially resists.
The bolt of magma hits the chaos spawn!!
The deep elf demonologist barely misses you.
The Hell Sentinel completely misses you.
The Hell Sentinel hits you!
As you read the scroll of teleportation, it crumbles to dust.
You feel strangely unstable. The sun demon closely misses you.
Rodica hits the Hell Sentinel with a +0 lajatang of freezing!!
The Ice Fiend claws you! The Ice Fiend freezes you!!
You feel a terrible chill! The Ice Fiend claws you.
* * * LOW HITPOINT WARNING * * *
The Ice Fiend freezes you!!!!
You feel a terrible chill!
You die...

#..#
##.).###...#
######.##
##...).#...#
.[..##.##
#.))...)..#
###.##.##
#...))..)##
#.##(##
#.....)[## ..
#.##.##
##......##...
##.##.##
##.........#
##...#.##
##R1.....##
#......##
#@1###...#
.......##
#3e4......
........#
.e........
........#
...##).....
##......#
...## ##...
##.....# .#..
#.. ##....#
..#.. ..
#..<.# .. #..
##....# {


You could see the friendly Rodica the battlemage (fast), a Hell Sentinel
(summoned, ally target), an Ice Fiend (summoned), a deep elf master archer, a
sun demon (summoned), a deep elf demonologist (empowered, magic disrupted) and a
chaos spawn (summoned).

Vanquished Creatures
  Xtahua (Vaults:4)
  A walking crystal tome (Depths:3)
  2 tentacled monstrosities (Vaults:5)
  A lich (Depths:3)
  A walking earthen tome (Depths:4)
  Mlioglotl (Snake:1)
  2 quicksilver dragons (Snake:4)
  A deep elf master archer (Elf:3)
  A thorn hunter (Swamp:3)
  3 sphinxes
  A tentacled starspawn (Abyss:3)
  6 storm dragons
  A tengu reaver (Vaults:5)
  Donald (Vaults:4)
  A fenstrider witch (Swamp:4)
  2 shadow dragons
  Roxanne (Swamp:2)
  2 fire giants
  5 vault wardens
  2 frost giants
  A deep elf sorcerer (Elf:3)
  An orc warlord (Vaults:2)
  Aizul (D:14)
  A deep elf elementalist (Elf:3)
  Louise (D:14)
  3 ghouls (Swamp:1)
  3 spriggan defenders
  A draconian annihilator (Depths:4)
  A draconian shifter (Depths:4)
  12 ironbound preservers
  7 very ugly things
  9 stone giants
  6 ironbound thunderhulks
  A green draconian (Depths:4)
  A stone giant (shapeshifter) (Vaults:5)
  2 deep elf demonologists (Elf:3)
  2 eleionomae
  6 dire elephants
  A black draconian (Depths:4)
  A deep elf annihilator (Elf:3)
  3 entropy weavers
  A white draconian (Depths:4)
  A bunyip (Swamp:3)
  2 deep elf death magi
  2 purple draconians (Depths:4)
  3 spark wasps
  An ettin (Vaults:5)
  5 fire dragons
  A fire dragon (shapeshifter) (Vaults:5)
  4 great orbs of eyes
  12 yaktaur captains
  Fannar (Orc:1)
  2 ice dragons (Depths:3)
  8 naga warriors
  2 deep elf high priests
  A servant of whispers (Desolation)
  2 boulder beetles (D:10)
  An ogre mage (Vaults:5)
  3 salamander tyrants
  A quicksilver dragon skeleton (Depths:3)
  5 ironbound frosthearts
  19 hydras
  A ghost crab (Swamp:4)
  3 two-headed ogres
  26 vault guards
  2 spriggan air magi
  8 dancing weapons
  3 anacondas
  2 deep troll shamans
  5 alligators
  10 centaur warriors
  3 thrashing horrors (Abyss:3)
  5 spriggan berserkers
  3 tengu warriors
  2 vampire magi (Depths:2)
  2 deep troll earth magi
  4 shock serpents
  5 death yaks
  Sonja (Lair:2)
  13 deep elf knights
  A sun demon (Depths:1)
  A hell knight (Depths:4)
  3 naga sharpshooters
  3 wretched stars (Abyss:3)
  3 soul eaters (Depths:2)
  5 iron trolls
  A goliath frog (Swamp:3)
  4 sea snakes
  A spark wasp zombie (Depths:2)
  2 salamander mystics
  3 spriggan druids
  35 deep trolls
  2 starcursed masses (Abyss:3)
  6 bog bodies
  2 phantasmal warriors (Vaults:5)
  3 naga ritualists
  6 deep elf archers
  3 necromancers
  6 wizards
  19 deep elf pyromancers
  12 deep elf zephyrmancers
  3 lindwurms
  An orc knight (D:15)
  2 harpies (Vaults:1)
  8 swamp dragons
  22 ironbound convokers
  23 ugly things
  3 wolf spiders
  2 mana vipers
  3 orc sorcerers
  2 manticores
  10 salamanders
  A cyclops (shapeshifter) (Vaults:2)
  3 cyclopes
  2 will-o-the-wisps
  An iron dragon skeleton (Depths:3)
  A moth of wrath (shapeshifter) (D:15)
  An oklob plant (Lair:2)
  A centaur zombie (D:10)
  23 black mambas
  6 guardian serpents
  2 rust devils (Depths:2)
  13 naga magi
  12 vault sentinels
  A smoke demon (Depths:1)
  An orange demon (Depths:2)
  A gargoyle (D:10)
  8 cane toads
  22 yaktaurs
  Maggie (D:6)
  A hellion (Depths:2)
  A golden dragon simulacrum (Depths:3)
  4 komodo dragons
  A freezing wraith (Vaults:4)
  A spriggan skeleton (Depths:2)
  3 red devils
  7 tengu conjurers
  A hellwing (Depths:2)
  4 trolls
  3 bloated husks (Swamp:2)
  2 meliai (D:15)
  4 polar bears
  4 blink frogs
  23 hornets
  5 saltlings
  3 raiju (Abyss:3)
  Grinder (D:6)
  8 tyrant leeches
  2 tarantellas (Vaults:1)
  26 slime creatures
  2 dream sheep (Lair:6)
  5 large abominations (Abyss:3)
  A jumping spider (Vaults:1)
  2 air elementals (Elf:1)
  20 spriggans
  20 yaks
  A water elemental (D:14)
  A culicivora (Vaults:1)
  3 fire elementals
  A basilisk (Lair:3)
  A golden eye (shapeshifter) (D:10)
  A wyvern (Lair:3)
  10 redbacks
  7 vampire mosquitoes
  A swamp worm (shapeshifter) (Vaults:5)
  A warg (Orc:1)
  21 nagas
  5 swamp worms
  A human zombie (Depths:2)
  15 water moccasins
  24 orc warriors
  A sky beast (D:5)
  4 black bears
  6 swamp drakes
  30 wolves
  6 ogres
  3 boggarts (Lair:6)
  2 necrophages
  9 centaurs
  8 bullfrogs
  3 earth elementals
  A water moccasin skeleton (D:5)
  A hornet simulacrum (D:14)
  A troll zombie (Swamp:3)
  4 killer bees (D:9)
  3 wights (D:8)
  A troll skeleton (Swamp:3)
  4 electric eels
  4 howler monkeys
  A gnoll shaman (D:7)
  21 orc priests
  6 hounds
  A jelly (D:4)
  A bullfrog skeleton (D:5)
  Jessica (D:2)
  3 iguanas
  22 orc wizards
  8 hell rats
  14 mummies (Ossuary)
  9 gnolls
  6 adders
  2 shadow imps (D:6)
  3 white imps
  An ufetubus (Vaults:3)
  An adder skeleton (D:4)
  2 worms (D:2)
  4 dart slugs
  66 orcs
  10 ball pythons
  6 bats
  6 endoplasms
  A giant cockroach (D:3)
  10 hobgoblins
  4 jackals (D:1)
  5 kobolds
  6 quokkas
  7 frilled lizards
  A gnoll skeleton (Ossuary)
  18 goblins
  A goblin skeleton (Ossuary)
  A kobold skeleton (Ossuary)
  5 orc skeletons (Ossuary)
  3 rats
  11 rat skeletons (Ossuary)
  A briar patch (Swamp:4)
  A bush (D:1)
  A starspawn tentacle (Abyss:3)
1183 creatures vanquished.

Vanquished Creatures (collateral kills)
  Mara (Depths:2)
  Saint Roka (Vaults:2)
  2 golden dragons
  Jorgrun (Orc:2)
  A titan (Vaults:5)
  A tentacled monstrosity (Vaults:5)
  2 deep elf blademasters (Elf:3)
  A walking earthen tome (Depths:3)
  2 liches
  Frances (Swamp:2)
  2 sphinxes
  A tengu reaver (Vaults:5)
  3 fire giants
  3 nagarajas (Snake:4)
  A shadow dragon (Vaults:4)
  6 vault wardens
  2 frost giants
  An iron dragon (Depths:4)
  2 balrugs
  7 ironbound preservers
  A juggernaut zombie (Depths:2)
  A deep elf elementalist (Elf:3)
  A spriggan defender (Depths:4)
  8 very ugly things
  8 stone giants
  3 ironbound thunderhulks
  2 deep elf demonologists (Elf:3)
  An eleionoma (Swamp:3)
  2 dire elephants (Vaults:4)
  A deep elf annihilator (Elf:3)
  A white draconian (Depths:4)
  A yellow draconian (Depths:4)
  An entropy weaver (Vaults:1)
  3 bunyips
  4 spark wasps
  An ettin (shapeshifter) (Vaults:3)
  3 deep elf death magi
  2 jiangshi (Depths:2)
  3 deep elf high priests
  2 ettins
  2 great orbs of eyes
  8 naga warriors
  6 yaktaur captains
  10 hydras
  2 shambling mangroves
  A ragged hierophant (Desolation)
  2 vault guards (Vaults:5)
  2 rakshasas
  A peacekeeper (Vaults:3)
  4 ice dragons
  A salamander tyrant (Snake:4)
  A catoblepas (Lair:6)
  A ghost crab (Swamp:3)
  2 spriggan air magi
  2 anacondas
  3 alligators
  An ironbound frostheart (Vaults:3)
  3 dancing weapons
  2 deep troll shamans (Depths:3)
  7 two-headed ogres
  3 deep troll earth magi
  A centaur warrior (Vaults:2)
  2 tengu warriors
  An orc high priest (Orc:2)
  2 death yaks (Lair:6)
  4 naga sharpshooters
  2 shock serpents
  A shock serpent (shapeshifter) (Vaults:4)
  A soul eater (Depths:4)
  Nergalle (Lair:1)
  2 spriggan berserkers
  A deep elf knight (Elf:1)
  A sun demon (Depths:4)
  A salamander mystic (Snake:3)
  7 goliath frogs
  3 swamp dragons (Swamp:4)
  2 spriggan druids (Swamp:3)
  2 sea snakes (Snake:1)
  3 glowing orange brains
  A naga ritualist (Snake:2)
  A deep troll (shapeshifter) (Depths:4)
  6 ironbound convokers
  A golden dragon skeleton (Depths:2)
  2 deep elf archers (Elf:1)
  2 bog bodies (Swamp:3)
  2 orc knights (Vaults:5)
  2 phantasmal warriors (Vaults:5)
  9 deep trolls
  4 necromancers
  10 deep elf pyromancers
  4 wizards
  A mana viper (shapeshifter) (Vaults:5)
  7 deep elf zephyrmancers
  5 mana vipers
  2 manticores
  3 orc sorcerers (Orc:2)
  4 cyclopes
  2 will-o-the-wisps (Swamp:1)
  4 salamanders
  An oklob plant (Lair:2)
  9 ugly things
  An iron dragon skeleton (Depths:2)
  A frost giant skeleton (Depths:3)
  9 guardian serpents
  24 black mambas
  3 naga magi
  3 vault sentinels
  An orange demon (Depths:2)
  A smoke demon (Depths:4)
  3 cane toads
  18 yaktaurs
  3 komodo dragons
  A meliai (D:15)
  2 red devils (Elf:2)
  2 trolls
  A polar bear (Lair:6)
  9 hornets
  4 tyrant leeches
  3 saltlings
  14 slime creatures
  7 blink frogs
  2 fire giant simulacra
  A jumping spider (shapeshifter) (Vaults:5)
  2 water elementals
  A shadow (D:10)
  12 spriggans
  2 wraiths
  A fire elemental (Elf:1)
  9 yaks
  2 wyverns
  A chaos spawn (Depths:2)
  5 basilisks
  A steam dragon (D:8)
  A neqoxec (Depths:2)
  9 swamp worms
  15 nagas
  7 vampire mosquitoes
  2 redbacks
  A floating eye (Depths:1)
  10 orc warriors
  5 water moccasins
  An ice beast (D:8)
  6 swamp drakes
  3 black bears
  2 ogres
  26 wolves
  2 centaurs
  A phantom (D:7)
  2 earth elementals (Elf:3)
  4 bullfrogs
  3 killer bees (D:9)
  3 wights (D:8)
  An electric eel (D:14)
  A howler monkey (D:8)
  3 centaur zombies
  15 orc priests
  15 orc wizards
  4 hell rats (Lair:2)
  Robin (D:2)
  An adder (D:6)
  26 orcs
  A goblin (D:10)
  A bush (Lair:2)
594 creatures vanquished.

Vanquished Creatures (others)
  A lich (Vaults:4)
  An ettin (Vaults:3)
  An ice dragon (Depths:3)
  A deep elf knight (Elf:1)
  A spriggan druid (Swamp:2)
  A deep elf pyromancer (Elf:1)
  A naga mage (Snake:3)
  A raiju (Abyss:3)
  A bloated husk (Swamp:2)
  A saltling (Desolation)
  2 hornets
  2 spriggans (Swamp:2)
  A vampire mosquito (Swamp:2)
  A swamp worm (Swamp:2)
  An orc priest (Orc:2)
  51 battlemagi
  An ancestor (D:6)
  2 gnolls (D:5)
  A butterfly (Depths:2)
  22 foxfires
  31 fungi
  60 plants
  3 starspawn tentacles (Abyss:3)
188 creatures vanquished.

Grand Total: 1965 creatures vanquished

Notes
Turn   | Place    | Note
-------+----------+-------------------------------------------
     0 | D:1      | Icepheonix32 the Demonspawn Fighter began the quest for the
                  | Orb.
     0 | D:1      | Reached XP level 1. HP: 18/18 MP: 1/1
   290 | D:1      | Gained mutation: You have a pair of small antennae on your
                  | head. [demonic ancestry]
   290 | D:1      | Reached XP level 2. HP: 22/24 MP: 2/2
   897 | D:1      | Gained mutation: You have a pair of antennae on your head.
                  | [demonic ancestry]
   897 | D:1      | Reached XP level 3. HP: 24/29 MP: 1/3
   964 | D:1      | Found a faded altar of an unknown god.
  2421 | D:2      | Noticed Robin
  2457 | D:2      | Gained mutation: A weak demonic guardian rushes to your
                  | aid. [demonic ancestry]
  2457 | D:2      | Reached XP level 4. HP: 8/35 MP: 1/4
  2460 | D:2      | Killed Robin
  2813 | D:2      | Noticed Jessica
  2819 | D:2      | Killed Jessica
  2820 | D:2      | Reached skill level 1 in Short Blades
  3543 | D:3      | Reached skill level 1 in Dodging
  3558 | D:3      | Reached XP level 5. HP: 41/41 MP: 1/5
  3736 | D:3      | Found a basalt altar of Yredelemnul.
  3760 | D:3      | Found a shimmering blue altar of Sif Muna.
  4187 | D:3      | Found the +7 staff of the Meek {protect, meekguard}
  4776 | D:4      | Gained mutation: You sometimes gain a little power by
                  | taking damage. [demonic ancestry]
  4776 | D:4      | Reached XP level 6. HP: 48/48 MP: 6/6
  4870 | D:4      | Found a hazy altar of Hepliaklqana.
  5126 | D:5      | Entered Level 5 of the Dungeon
  5173 | D:5      | Found a sand-covered staircase.
  5202 | Ossuary  | Entered an ossuary
  5680 | Ossuary  | Reached skill level 1 in Staves
  6027 | D:5      | Reached skill level 2 in Staves
  6027 | D:5      | Gained mutation: You are surrounded by a mild repulsion
                  | field. (EV +2) [demonic ancestry]
  6027 | D:5      | Reached XP level 7. HP: 54/54 MP: 7/7
  6126 | D:5      | Reached skill level 5 in Armour
  6239 | D:5      | Reached skill level 3 in Staves
  6367 | D:5      | Reached skill level 4 in Staves
  6399 | D:4      | Became a worshipper of Hepliaklqana the Forgotten
  6748 | D:5      | Found a stormy altar of Qazlal.
  6750 | D:5      | Noticed an air elemental
  6750 | D:5      | Noticed a fire elemental
  6751 | D:5      | Noticed a water elemental
  7179 | D:6      | Reached skill level 1 in Invocations
  7179 | D:6      | Reached XP level 8. HP: 48/61 MP: 8/8
  7307 | D:6      | Noticed Maggie
  7332 | D:6      | Killed Maggie
  7333 | D:6      | Reached skill level 5 in Staves
  7333 | D:6      | Reached skill level 1 in Throwing
  7333 | D:6      | Reached skill level 1 in Stealth
  7338 | D:6      | Reached * piety under Hepliaklqana
  7376 | D:6      | Noticed Grinder
  7387 | D:6      | Killed Grinder
  7489 | D:6      | Found a staircase to the Ecumenical Temple.
  7497 | Temple   | Entered the Ecumenical Temple
  7768 | D:6      | Reached skill level 1 in Evocations
  7835 | D:6      | Gained mutation: You sometimes gain power by taking damage.
                  | [demonic ancestry]
  7835 | D:6      | Reached XP level 9. HP: 25/60 MP: 11/11
  8409 | D:7      | Reached skill level 5 in Fighting
  8432 | D:7      | Reached skill level 6 in Staves
  8661 | D:7      | Reached ** piety under Hepliaklqana
  8662 | D:7      | Remembered your ancestor Rodica as a battlemage
  8742 | D:7      | Found a shadowy altar of Dithmenos.
  8952 | D:8      | Noticed a cyclops
  8958 | D:8      | Noticed a two-headed ogre
  8960 | D:8      | Killed a cyclops
  8961 | D:8      | Reached skill level 5 in Invocations
  8964 | D:8      | Noticed a cyclops
  9206 | D:8      | Reached skill level 7 in Staves
  9309 | D:8      | Killed a cyclops
  9359 | D:8      | Found a staircase to the Lair.
  9370 | D:8      | Gained mutation: A demonic guardian rushes to your aid.
                  | [demonic ancestry]
  9370 | D:8      | Reached XP level 10. HP: 61/66 MP: 14/14
  9547 | D:8      | Killed a two-headed ogre
  9548 | D:8      | Reached skill level 8 in Staves
  9548 | D:8      | Reached skill level 5 in Dodging
  9968 | D:9      | Found Visen's Magic Scroll Boutique.
 10009 | D:9      | Noticed a wolf spider
 10020 | D:9      | Found a runed translucent gate.
 10026 | D:9      | Found a runed translucent door.
 10065 | D:9      | Found a runed translucent gate.
 10078 | D:9      | Found the +9 staff of Olgreb {rPois∞}
 10567 | D:9      | Reached *** piety under Hepliaklqana
 10748 | D:9      | Noticed a black mamba
 10749 | D:9      | Found a runed translucent gate.
 10749 | D:9      | Noticed a black mamba
 10749 | D:9      | Noticed a wolf spider
 10749 | D:9      | Noticed a black mamba
 10752 | D:9      | Found a runed translucent door.
 11171 | D:9      | Noticed a manticore
 11185 | D:9      | Killed a manticore
 11186 | D:9      | Reached skill level 9 in Staves
 11477 | D:10     | Entered Level 10 of the Dungeon
 11500 | D:10     | Noticed a gargoyle
 11505 | D:10     | Killed a gargoyle
 11525 | D:10     | Gained mutation: You are surrounded by a moderate repulsion
                  | field. (EV +3) [demonic ancestry]
 11525 | D:10     | Reached XP level 11. HP: 47/74 MP: 15/15
 11544 | D:10     | Noticed a boulder beetle
 11549 | D:10     | Noticed a boulder beetle
 11552 | D:10     | Paralysed by a hornet for 2 turns
 11565 | D:10     | HP: 1/74 [boulder beetle (33)]
 11574 | D:10     | Killed a boulder beetle
 11579 | D:10     | Killed a boulder beetle
 12143 | D:10     | Noticed a two-headed ogre
 12148 | D:10     | Killed a two-headed ogre
 12149 | D:10     | Reached skill level 10 in Staves
 12231 | D:10     | Found an iron altar of Okawaru.
 12656 | D:11     | Noticed a two-headed ogre
 12665 | D:11     | Killed a two-headed ogre
 12818 | D:11     | Noticed a two-headed ogre
 12824 | D:11     | Killed a two-headed ogre
 12922 | D:11     | Found a staircase to the Orcish Mines.
 12922 | D:11     | Noticed a two-headed ogre
 12932 | D:11     | Killed a two-headed ogre
 12995 | D:11     | Noticed a two-headed ogre
 13001 | D:11     | Killed a two-headed ogre
 13332 | D:11     | Reached **** piety under Hepliaklqana
 13723 | D:12     | Gained mutation: You have a pair of large antennae on your
                  | head. (SInv) [demonic ancestry]
 13723 | D:12     | Reached XP level 12. HP: 81/81 MP: 16/16
 13774 | D:12     | Learned a level 6 spell: Summon Cactus Giant
 13783 | D:12     | Noticed a five-headed hydra
 13791 | D:12     | Killed a five-headed hydra
 13863 | D:12     | Noticed a two-headed ogre
 13869 | D:12     | Killed a two-headed ogre
 13945 | D:12     | Reached skill level 11 in Staves
 14029 | D:12     | Noticed a two-headed ogre
 14036 | D:12     | Killed a two-headed ogre
 14518 | D:9      | Bought a scroll of acquirement for 676 gold pieces
 14518 | D:9      | Acquired the ring "Oguestro" {EV+4 Dex+4 Stlth+}
 14790 | D:13     | Noticed a centaur warrior
 14808 | D:13     | Killed a centaur warrior
 14809 | D:13     | Reached skill level 10 in Dodging
 14840 | D:13     | Noticed a two-headed ogre
 14847 | D:13     | Killed a two-headed ogre
 15128 | D:13     | Noticed a centaur warrior
 15140 | D:13     | Killed a centaur warrior
 15591 | D:13     | Noticed a six-headed hydra
 15600 | D:13     | Killed a six-headed hydra
 16101 | Lair:1   | Entered Level 1 of the Lair of Beasts
 16101 | Lair:1   | Noticed Nergalle
 16284 | Lair:1   | Killed Nergalle
 16619 | Lair:1   | Noticed an eight-headed hydra
 16681 | Lair:1   | Killed an eight-headed hydra
 16682 | Lair:1   | Gained mutation: You are surrounded by a strong repulsion
                  | field. (EV +4, RMsl) [demonic ancestry]
 16682 | Lair:1   | Reached XP level 13. HP: 73/89 MP: 18/18
 16820 | Lair:1   | Learned a level 5 spell: Summon Forest
 16947 | Lair:1   | Reached skill level 12 in Staves
 17439 | Lair:2   | Found a transporter.
 17439 | Lair:2   | Found a transporter.
 17439 | Lair:2   | Noticed Qoesoec's ghost (journeyman GrFi)
 17460 | Lair:2   | Noticed Sonja
 17464 | Lair:2   | Reached ***** piety under Hepliaklqana
 17471 | Lair:2   | Killed Sonja
 17538 | Lair:2   | Reached skill level 1 in Summonings
 18301 | Lair:2   | Found a blossoming altar of Fedhas.
 18528 | Lair:3   | Reached skill level 1 in Translocations
 19356 | Lair:3   | Reached skill level 5 in Stealth
 19409 | Lair:3   | Identified the +10 war axe of Kismet {vamp, rElec MP+9}
 19670 | Lair:3   | Reached skill level 5 in Throwing
 19670 | Lair:3   | Found a staircase to the Swamp.
 19906 | Lair:3   | Found a staircase to the Snake Pit.
 20820 | Lair:4   | Gained mutation: You passively map a small area around you.
                  | [potion of mutation]
 20820 | Lair:4   | Gained mutation: You are partially covered in large bone
                  | plates. (SH +4) [potion of mutation]
 20821 | Lair:4   | Lost mutation: You are partially covered in large bone
                  | plates. (SH +4) [potion of mutation]
 20821 | Lair:4   | Lost mutation: You passively map a small area around you.
                  | [potion of mutation]
 20821 | Lair:4   | Gained mutation: You have large cloven feet. [potion of
                  | mutation]
 20821 | Lair:4   | Gained mutation: You are frail. (-10% HP) [potion of
                  | mutation]
 20821 | Lair:4   | Gained mutation: Your spells are a little harder to cast,
                  | but a little more powerful. [potion of mutation]
 20822 | Lair:4   | Lost mutation: You have large cloven feet. [potion of
                  | mutation]
 20822 | Lair:4   | Lost mutation: You are frail. (-10% HP) [potion of
                  | mutation]
 20822 | Lair:4   | Gained mutation: Your movements are slightly less
                  | encumbered by armour. (ER -2) [potion of mutation]
 20822 | Lair:4   | Gained mutation: You sometimes lose the ability to read
                  | scrolls when taking damage. [potion of mutation]
 21012 | Lair:5   | Reached ****** piety under Hepliaklqana
 21018 | Lair:5   | Reached skill level 5 in Evocations
 21880 | Lair:6   | Entered Level 6 of the Lair of Beasts
 21884 | Lair:6   | Reached XP level 14. HP: 97/97 MP: 20/20
 21892 | Lair:6   | Reached skill level 13 in Staves
 23272 | Lair:6   | Found a viscous altar of Jiyva.
 23272 | Lair:6   | Found a staircase to the Slime Pits.
 23743 | Lair:6   | Reached skill level 10 in Fighting
 24717 | Orc:1    | Entered Level 1 of the Orcish Mines
 24803 | Orc:2    | Entered Level 2 of the Orcish Mines
 24803 | Orc:2    | Found a staircase to the Elven Halls.
 25331 | Orc:2    | Found Inamorphi's Jewellery Shop.
 25332 | Orc:2    | Found Imneames's Weapon Shop.
 25334 | Orc:2    | Found Ricw's Jewellery Boutique.
 25350 | Orc:2    | Found Effusathriho's Weapon Boutique.
 25621 | Orc:1    | Noticed Fannar
 26129 | Orc:2    | Noticed Jorgrun
 26137 | Orc:2    | Killed Jorgrun
 26797 | Orc:1    | Killed Fannar
 26837 | Orc:1    | Reached skill level 14 in Staves
 27110 | Orc:1    | Found Pecvorchi's Magic Scroll Boutique.
 27321 | D:9      | Bought a scroll of acquirement for 676 gold pieces
 27323 | D:9      | Acquired the +4 pair of gloves of Subjectivity {rC+ Will+
                  | Str+8 Int-4}
 27461 | D:14     | Reached XP level 15. HP: 102/105 MP: 21/21
 27814 | D:14     | Noticed Louise
 27848 | D:14     | Killed Louise
 27971 | D:14     | Found a gate to the Vaults.
 28346 | D:15     | Entered Level 15 of the Dungeon
 28509 | D:15     | Reached skill level 10 in Armour
 29194 | D:15     | Found a staircase to the Depths.
 29486 | Snake:1  | Entered Level 1 of the Snake Pit
 29990 | Snake:1  | Noticed Mlioglotl
 30254 | Swamp:1  | Entered Level 1 of the Swamp
 31632 | Swamp:2  | Gained mutation: A powerful demonic guardian rushes to your
                  | aid. [demonic ancestry]
 31632 | Swamp:2  | Reached XP level 16. HP: 108/113 MP: 22/22
 32059 | Swamp:2  | Noticed Frances
 32069 | Swamp:2  | Killed Frances
 32075 | Swamp:2  | Noticed Roxanne
 32118 | Swamp:2  | Killed Roxanne
 32672 | Swamp:3  | Reached skill level 10 in Invocations
 33668 | Swamp:4  | Entered Level 4 of the Swamp
 33710 | Swamp:4  | Noticed a thorn hunter
 34499 | Swamp:3  | Killed a thorn hunter
 34844 | Swamp:4  | Gained mutation: Your magical and physical power is
                  | slightly enhanced at high health. [demonic ancestry]
 34844 | Swamp:4  | Reached XP level 17. HP: 84/119 MP: 24/24
 35046 | Swamp:4  | Got a decaying rune of Zot
 35156 | Swamp:4  | Identified the +3 robe "Qaumath" {Str+4 Int+3}
 35245 | Swamp:4  | Identified the +0 buckler of Vomyvunt {Harm}
 35885 | Vaults:1 | Entered Level 1 of the Vaults
 35921 | Vaults:1 | Reached skill level 15 in Staves
 36078 | Vaults:1 | Found a portal to a secret trove of treasure.
 36099 | Trove    | Entered a treasure trove
 36148 | Trove    | Got the Incunabulum of the Wary Ghosts
 36172 | Trove    | Got Sif Muna's Papyrus of the Entourage and Ice
 36193 | Trove    | Got Mazuquxt's Tome of the Frigorific Arsonist
 36517 | Vaults:1 | Lost mutation: You sometimes lose the ability to read
                  | scrolls when taking damage. [potion of mutation]
 36517 | Vaults:1 | Lost mutation: Your spells are a little harder to cast, but
                  | a little more powerful. [potion of mutation]
 36517 | Vaults:1 | Gained mutation: You are clumsy. (Dex -2) [potion of
                  | mutation]
 36517 | Vaults:1 | Gained mutation: Your mind is acute. (Int +2) [potion of
                  | mutation]
 36777 | Vaults:1 | Learned a level 3 spell: Ignite Poison
 37127 | Depths:1 | Entered Level 1 of the Depths
 37711 | D:14     | Reached skill level 1 in Fire Magic
 37750 | Vaults:1 | Noticed Aizul
 37759 | Vaults:1 | Cast into level 3 of the Abyss (a wizard)
 37867 | Abyss:3  | Found a corrupted altar of Lugonu.
 38053 | Vaults:1 | Escaped the Abyss
 38711 | D:14     | Reached skill level 1 in Poison Magic
 38735 | D:14     | Killed Aizul
 40868 | Vaults:2 | Noticed Saint Roka
 41192 | Vaults:2 | Found Nyfoelua's Magic Scroll Boutique.
 41230 | Vaults:2 | Bought a scroll of silence for 82 gold pieces
 41230 | Vaults:2 | Bought a scroll of teleportation for 33 gold pieces
 41797 | Vaults:2 | Killed Saint Roka
 41798 | Vaults:2 | Reached skill level 10 in Throwing
 41798 | Vaults:2 | Reached XP level 18. HP: 83/127 MP: 25/25
 42137 | Vaults:2 | Reached skill level 1 in Transmutations
 42886 | Vaults:2 | Identified the +6 shortbow "Engenuj" {speed, Int+3}
 43316 | Vaults:3 | Reached skill level 5 in Fire Magic
 43478 | Vaults:3 | Reached skill level 1 in Spellcasting
 43598 | Vaults:3 | Found a crumbling gateway.
 43652 | Desolati | Entered the Desolation of Salt
 44410 | Vaults:3 | Found a staircase to the Crypt.
 44410 | Vaults:3 | Found a basalt altar of Yredelemnul.
 44410 | Vaults:3 | Found an ancient bone altar of Kikubaaqudgha.
 44841 | Vaults:3 | Found Gozag's Antique Weapon Shoppe.
 45120 | Vaults:3 | Found Gozag's Antique Weapon Emporium.
 45120 | Vaults:3 | Found an opulent altar of Gozag.
 45132 | Vaults:3 | Found Gozag's Assorted Antiques.
 45213 | Vaults:3 | Reached skill level 10 in Evocations
 47237 | Vaults:4 | Reached XP level 19. HP: 135/135 MP: 24/26
 47561 | Vaults:4 | Noticed Xtahua
 47577 | Vaults:4 | Killed Xtahua
 48126 | Vaults:4 | Found Xotidghie's Weapon Boutique.
 48269 | Vaults:4 | Noticed Donald
 48699 | Vaults:4 | Reached skill level 16 in Staves
 49283 | Vaults:5 | Entered Level 5 of the Vaults
 49292 | Vaults:5 | Reached skill level 15 in Armour
 49337 | Vaults:5 | Identified the +6 scimitar of Interdependent Arising
                  | {flame, Int+6}
 49689 | Vaults:5 | Got a silver rune of Zot
 49776 | Vaults:5 | Noticed a golden dragon
 49780 | Vaults:5 | Killed a golden dragon
 49888 | Vaults:5 | Reached XP level 20. HP: 108/143 MP: 27/27
 50211 | Vaults:5 | Reached skill level 5 in Poison Magic
 50272 | Vaults:4 | Killed Donald
 51264 | Vaults:5 | Noticed Mennas
 51913 | Snake:1  | Killed Mlioglotl
 52217 | Snake:1  | Found Getusij's Book Shoppe.
 52217 | Snake:1  | Found Qesif's Jewellery Boutique.
 52218 | Snake:1  | Found Keah's Jewellery Boutique.
 52238 | Snake:1  | Learned a level 2 spell: Wereblood
 52473 | Snake:2  | Found a shadowy altar of Dithmenos.
 52540 | Snake:2  | Identified the +10 quarterstaff "Sulaeth" {vorpal, rElec
                  | rPois Str-4 Stlth-}
 52876 | Snake:2  | Reached skill level 10 in Fire Magic
 52897 | Snake:2  | Found Edaopug's Antique Weapon Shoppe.
 53907 | Snake:3  | Reached skill level 15 in Dodging
 54926 | Snake:4  | Entered Level 4 of the Snake Pit
 55415 | Snake:4  | Got a serpentine rune of Zot
 55553 | Snake:4  | Gained mutation: You are powered by pain. [demonic
                  | ancestry]
 55553 | Snake:4  | Reached XP level 21. HP: 143/150 MP: 28/28
 56326 | Snake:4  | Reached skill level 15 in Fighting
 57384 | Depths:1 | Found a broken altar of Ashenzari.
 57422 | Depths:1 | Paralysed by a floating eye for 2 turns
 57494 | Depths:1 | Reached skill level 10 in Stealth
 57821 | Depths:1 | Found a gateway to Hell.
 58449 | Depths:2 | Reached skill level 15 in Throwing
 58583 | Depths:2 | Found Ciujaifi's Distillery.
 58596 | Depths:2 | Bought a potion of might for 72 gold pieces
 58596 | Depths:2 | Bought a potion of heal wounds for 90 gold pieces
 59092 | Depths:2 | Noticed Mara
 59111 | Depths:2 | Killed Mara
 59141 | Depths:2 | Reached skill level 17 in Staves
 59152 | Depths:2 | Reached skill level 5 in Shields
 59166 | Depths:2 | Found a burning altar of Makhleb.
 59239 | Depths:2 | Found a one-way gate leading to the halls of Pandemonium.
 60777 | Depths:3 | Found a corrupted altar of Lugonu.
 60777 | Depths:3 | Found a one-way gate to the infinite horrors of the Abyss.
 61896 | Depths:4 | Entered Level 4 of the Depths
 62005 | Depths:4 | Gained mutation: Your magical and physical power is
                  | enhanced at high health. [demonic ancestry]
 62005 | Depths:4 | Reached XP level 22. HP: 158/158 MP: 29/29
 62675 | Depths:4 | Found a one-way gateway to a ziggurat.
 62729 | Depths:4 | Found a bloodstained altar of Trog.
 63842 | Depths:4 | Found a gate to the Realm of Zot.
 63965 | Depths:4 | Noticed a golden dragon
 63975 | Depths:4 | Killed a golden dragon
 64514 | Elf:1    | Entered Level 1 of the Elven Halls
 64538 | Elf:1    | Found Siep's Assorted Antiques.
 64652 | Orc:2    | Bought the ring of Midwinter {rC- Will+++ rCorr Dex-4
                  | Slay+4} for 1036 gold pieces
 64836 | Elf:1    | Found Faisoal's Magic Scroll Shop.
 64865 | Elf:1    | Bought a scroll of acquirement for 936 gold pieces
 64869 | Elf:1    | Acquired a manual of Fighting
 65122 | Elf:1    | Found Jies's Assorted Antiques.
 65145 | Elf:1    | Paralysed by an air elemental for 1 turns
 65191 | Elf:1    | Identified the +7 arbalest of Pandemonium {speed, rElec rF-
                  | Int+2 SInv Stlth+}
 65204 | Elf:1    | Reached skill level 10 in Shields
 65339 | Elf:1    | You fall into a shaft and drop 1 floor!
 65339 | Elf:2    | Noticed Agnes
 65692 | Elf:2    | Found a runed translucent gate.
 65697 | Elf:2    | Found a runed translucent gate.
 65697 | Elf:2    | Found a runed translucent gate.
 66042 | Elf:1    | Found Keli's Book Shoppe.
 66208 | Elf:1    | Found Tyabbec's One-of-a-Kind Books.
 66330 | Elf:1    | Found Afuwk's Distillery.
 66544 | Elf:1    | Identified the ring of Surprise {Fly rF- rC+ Dex+5}
 66949 | Elf:3    | Entered Level 3 of the Elven Halls
 66949 | Elf:3    | Found Uditisel's Armour Shoppe.
 67000 | Elf:3    | Found a radiant altar of Vehumet.
 67891 | Elf:3    | Identified the +7 war axe "Ahabluoq" {vorpal, *Rage rElec
                  | rPois rF+}
 67901 | Elf:3    | Identified the +9 flail "Zenyri" {protect, rF+ rN+ Int+2
                  | Dex+5}
 67904 | Elf:3    | Identified the +2 leather armour "Baxzueke" {rElec rN+
                  | Dex-3}
 67912 | Elf:3    | Annihilated by an Ice Fiend

Illustrated notes

Levels and vault maps discovered:
D:1:      minmay_arrival_four_loops, layout_loops_ring, basic_ecumenical_altar,
          moated_statue, chequers_garden, grunt_decor_resistance,
          minmay_hedge_maze, minmay_split_cup_large
D:2:      layout_loops_ring, uniq_jessica, uniq_robin
D:3:      layout_basic, mainiacjoe_overflow_two_lobes
D:4:      layout_cave_pools, mainiacjoe_overflow_catwalk
D:5:      layout_layer_cave, nicolae_qazlal_style_of_elements, enter_ossuary_1
D:6:      layout_cave_pools, minmay_temple_entry_glassed_door, st_stairs_3,
          uniq_maggie, uniq_grinder
D:7:      layout_cave_pools, grunt_dithmenos_smoke
D:8:      layout_gridville, tso_oasis_becter, grunt_lair_entry_orc_guard_hut,
          minmay_manual_monstrance
D:9:      layout_basic, nicolae_stop_n_shop_1,
          minmay_guarded_unrand_staff_of_olgreb
D:10:     layout_loops_ring, kennysheep_okawaru_gauntlet,
          minmay_fractal_squares_gapless_7
D:11:     layout_loops_ring, orc_0_dummy, grunt_ogre_cave
D:12:     layout_basic, glass_columns_a
D:13:     layout_basic
D:14:     layout_stronghold, david_vaults_1, minivault_14, uniq_louise
D:15:     hangedman_depths_entry_civil_slaughter, layout_small_grid,
          chequers_serial_rivers_small_b
Temple:   regret_index_temple_generic_petals
Lair:1:   layout_gridlike, serial_bayou_lagoon_a, ldierk_geyser,
          grunt_forest_large_clearings, uniq_nergalle
Lair:2:   layout_small_grid, gammafunk_ghost_arena, minmay_lair_oklob_items,
          columned_hall_lemuel, minmay_holes, tgw_fedhas, uniq_sonja
Lair:3:   layout_gridlike, palyth_hydra_swamp_entry,
          minmay_snake_entry_six_corridors, fungi_pond_lemuel
Lair:4:   layout_loops_ring, lemuel_fruit_tree
Lair:5:   layout_regular_city, st_stairs_9
Lair:6:   minmay_lair_end_enchanted_forest, layout_long_grid, slime_altar_1,
          infiniplex_staircase_pool_2
Swamp:1:  layout_basic_swamp, evilmike_swamp_ruin_house_5
Swamp:2:  layout_basic_swamp, evilmike_swamp_ruin_rubble_2,
          nicolae_swamp_super_fun_site, infiniplex_staircase_pool, uniq_roxanne,
          uniq_frances
Swamp:3:  layout_basic_swamp, nicolae_swamp_orc_logging_accident,
          cheibrodos_swamp_minitomb
Swamp:4:  swamp, layout_basic_swamp, swamp_pool3, nicolae_swamp_hydra_murder_den
Snake:1:  layout_onion, minmay_snake_pond, serial_bayou_shore_a,
          minmay_shop_grove, uniq_mlioglotl
Snake:2:  layout_basic, serial_shops,
          nicolae_shop_temple_entry_statues_fountains, basic_altar,
          hangedman_snake_pattern, serial_bayou_pond_a, serial_bayou_pond_c
Snake:3:  layout_gridlike, grunt_megastairs_1
Snake:4:  hellmonk_snake_rune_quicksilver_temple, layout_cave_shapes,
          nicolae_snake_gridmaze_big_u, grunt_ministairs_12
Orc:1:    layout_caves, serial_shops, shop, nicolae_orc_rockfall,
          minmay_orc_temple_b, uniq_fannar
Orc:2:    st_orc_mages, layout_caves, basic_altar, uniq_jorgrun
Elf:1:    nicolae_elf_arrival_fired_up, layout_gridlike, serial_shops, shop,
          nicolae_shop_hallway_stairs, nicolae_diamond_shop,
          nicolae_lakefront_shop, nicolae_shop_behind_doors,
          kennysheep_underground_church, nicolae_rare_books, nicolae_wwwww,
          minmay_the_grid_square_5x5_3x3_mashed
          [minmay_the_grid_square_5x5_half_checkered,
          minmay_the_grid_square_5x5_misaligned,
          minmay_the_grid_square_5x5_six_small, minmay_the_grid_square_5x5_plus,
          minmay_the_grid_square_5x5_megaprize_hollow,
          minmay_the_grid_square_5x5_tetrominoes,
          minmay_the_grid_square_5x5_slash,
          minmay_the_grid_square_5x5_minivault,
          minmay_the_grid_square_5x5_shuriken]
Elf:2:    nicolae_elf_blades_crystal_corner, layout_geoelf_diagonals,
          einodemon_armed_red_devil_minivault, uniq_agnes
Elf:3:    grunt_elf_hall_asides, layout_loops_ring, basic_altar, serial_shops,
          shop
Vaults:1: nicolae_vaults_network_square, v_pattern_3,
          nicolae_vaults_display_case, hangedman_vaults_nodes, v_misc_11,
          nicolae_vaults_little_squares_6, nicolae_vaults_stairing_the_circle,
          vaults_room_fours, layout_vaults_maze_snakey, enter_trove_1,
          uniq_aizul
Vaults:2: v_rooms_3, nicolae_vaults_shelves_hall, grunt_vaults_hallway_long,
          v_misc_11, hangedman_vaults_capsules, hangedman_vaults_nails,
          vaults_room_pools, ontoclasm_vaults_gateway, v_misc_17,
          hangedman_vaults_stretched_pinwheel, vaults_room_pool,
          st_spiral_rooms, ontoclasm_vaults_shuriken, layout_vaults_big_room,
          serial_shops, shop_coins, uniq_saint_roka
Vaults:3: portal_desolation_entry_nicolae_nacl, kennysheep_vaults_gozag_temple,
          nicolae_vaults_circle_grid_a, v_misc_29,
          minmay_crypt_entry_necro_gods, vaults_room_hallway,
          ontoclasm_vaults_eye, nicolae_vaults_little_squares_6,
          nicolae_vaults_asterisk, v_misc_5, hangedman_vaults_restitches,
          nicolae_vaults_network_s, v_misc_4, layout_vaults_big_cross
Vaults:4: hangedman_vaults_stitches, serial_ice_g, v_pattern_1,
          nicolae_vaults_bisected_exclaves, dpeg_vaults_waves,
          nicolae_vaults_yaktaur_gun_rack, vaults_mumra_hexcomb,
          nicolae_vaults_windows_and_doors_thing, v_misc_15, v_misc_14,
          hangedman_vaults_stretched_pinwheel, vaults_room_semicircle,
          nicolae_vaults_specimen_jars, ontoclasm_vaults_pinch,
          layout_vaults_omnibox, serial_shops,
          nicolae_shop_bloodbath_and_beyond, uniq_donald, uniq_xtahua
Vaults:5: uniq_mennas
Depths:1: layout_gridlike, kennysheep_small_spiral, lightli_too_deep,
          nicolae_ashenzari_panopticon, grunt_megastairs_4
Depths:2: nicolae_BIG_FREAKIN_CUBE, layout_basic, lemuel_crystal_altar,
          serial_shops, shop, grunt_pan_entry_spiral, grunt_hell_entry_dis_mu,
          nicolae_elyvilon_peaceful_grove, uniq_mara
Depths:3: evilmike_halls_of_destruction, layout_gridlike,
          abyss_entry_flame_altar, pf_hell_entry_great_geh,
          kennysheep_decorative_pillar
Depths:4: grunt_zot_entry_gee_three, layout_small_grid, enter_ziggurat_b,
          hellmouth_1, lemuel_round_altar

Skill      XL: |  1  2  3  4  5  6  7  8  9 10 11 12 13 14 15 16 17 18 19 20 21 22 |
---------------+-------------------------------------------------------------------+-----
Long Blades    | 2 |  2.1
Armour         | 3 4 5 6 7 8 9 11 12 13 14 15 16 | 16.6
Shields        | 3 6 12 | 12.0
Short Blades   | 1 |  1.9
Dodging        | 1 2 3 7 9 11 12 14 15 | 15.4
Fighting       | 4 5 6 7 8 9 10 11 12 13 14 15 16 | 16.9
Staves         | 2 4 5 7 9 10 11 12 14 15 16 17 | 17.2
Invocations    | 1 3 5 6 7 8 9 10 | 10.5
Throwing       | 1 2 3 4 5 6 8 10 11 13 14 15 | 15.4
Stealth        | 1 2 3 4 5 6 7 8 9 10 | 10.5
Evocations     | 1 3 4 5 7 8 9 10 11 | 11.6
Summonings     | 2 |  2.0
Translocations | 1 |  1.3
Fire Magic     | 4 7 8 10 | 10.2
Poison Magic   | 3 4 6 |  6.4
Transmutations | 1 3 4 |  4.1
Spellcasting   | 3 4 |  4.1
Maces & Flails | |  0.8

Action                   |  1- 3 |  4- 6 |  7- 9 | 10-12 | 13-15 | 16-18 | 19-21 | 22-24 || total
-------------------------+-------+-------+-------+-------+-------+-------+-------+-------++-------
Melee: Long sword        |    36 |       |       |       |       |       |       |       ||    36
       Dagger            |   384 |   146 |       |       |       |       |       |       ||   530
       Club              |       |    13 |       |       |       |       |       |       ||    13
       Quarterstaff      |       |   127 |   196 |   408 |   936 |  1012 |   604 |    15 ||  3298
       Mace              |       |       |       |       |    17 |       |       |       ||    17
       Punch             |       |       |       |       |     5 |     7 |       |       ||    12
       Staff             |       |       |       |       |   359 |   431 |   732 |   348 ||  1870
Throw: Dart              |       |     4 |    14 |    32 |     5 |     3 |     8 |     1 ||    67
       Javelin           |       |       |       |     4 |       |       |     2 |       ||     6
       Boomerang         |       |       |       |    26 |   133 |   135 |    97 |    27 ||   418
 Cast: Ignite Poison     |       |       |       |       |       |       |     6 |     6 ||    12
       Wereblood         |       |       |       |       |       |       |     1 |       ||     1
Invok: Ancestor Life: Ba |       |       |     1 |       |       |       |       |       ||     1
       Recall Ancestor   |       |       |       |     1 |     2 |     9 |     6 |     1 ||    19
       Idealise          |       |       |       |       |     1 |     1 |     1 |       ||     3
       Transference      |       |       |       |       |     1 |       |     1 |       ||     2
 Abil: Evoke the Staff o |       |       |       |       |     8 |    19 |    17 |    13 ||    57
Evoke: Wand              |       |       |     4 |     3 |     6 |    41 |    16 |       ||    70
       Tin of tremorston |       |       |       |       |     4 |     4 |     5 |       ||    13
       Phial of floods   |       |       |       |       |       |       |     1 |       ||     1
  Use: Potion            |     1 |     1 |     1 |     5 |     8 |    13 |     7 |     4 ||    40
       Scroll            |       |    16 |       |    11 |     7 |     5 |     7 |    17 ||    63
 Stab: Distracted        |       |       |     2 |     7 |    16 |    33 |    33 |     8 ||    99
       Sleeping          |       |       |       |     3 |     9 |     3 |    18 |     9 ||    42
       Paralysed         |       |       |       |       |       |     2 |       |       ||     2
Armor: Scale mail        |    78 |    94 |    35 |       |       |       |       |       ||   207
       Swamp dragon scal |       |       |    72 |   218 |   175 |       |       |       ||   465
       Plate armour      |       |       |       |       |   183 |   464 |    88 |       ||   735
       Gold dragon scale |       |       |       |       |       |       |   181 |    35 ||   216
       Fire dragon scale |       |       |       |       |       |       |   113 |    29 ||   142
Dodge: Dodged            |    61 |    96 |   133 |   561 |  1321 |  1407 |  1214 |   187 ||  4980
       Repelled          |       |       |       |       |    10 |    20 |    28 |    19 ||    77
Block: Buckler           |    28 |    18 |       |       |    34 |    22 |   132 |       ||   234
       Reflection        |       |       |       |       |     1 |       |    12 |    18 ||    31
       Kite shield       |       |       |       |       |       |       |    85 |   148 ||   233
